[Event "FIDE WYCC Open U14 2023"]
[Site "Montesilvano"]
[Date "2023.11.20"]
[Round "7.32"]
[White "Medhus, Vitus Bondo"]
[Black "Coicev, Matei-Andrei"]
[Result "0-1"]
[ECO "D04"]
[WhiteElo "2108"]
[BlackElo "2006"]
[Annotator "NA RC"]
[PlyCount "130"]
[EventDate "2023.11.13"]
[EventType "swiss"]
[EventCountry "ITA"]
[SourceTitle "playchess.com"]
[Source "ChessBase"]
[SourceQuality "1"]
[TimeControl "40/5400+30:1800+30"]

1. d4 Nf6 2. Nf3 d5 3. e3 c5 4. Nbd2 Nc6 5. b3 cxd4 6. exd4 Bf5 7. c3 e6 8. Bb2 Bd6 9. Bb5 O-O 10. O-O Rc8 11. Re1 Ne4 12. c4 Nxd2 13. Qxd2 Bb4 14. Bc3 Bxc3 15. Qxc3 dxc4 16. bxc4 Ne7 17. Ne5 a6 18. Bd7 Rc7 19. Ba4 b5 20. Bb3 f6 21. Nf3 Nd5 22. Qa5 bxc4 23. Ba4 Qd6 24. Rac1 Rb8 25. Nd2 Qb4 26. Qxb4 Rxb4 27. Bc2 Bxc2 28. Rxc2 c3 29. Nb3 a5 30. Nc5 Rc6 31. g3 e5 32. Rd1 Rxd4 33. Rxd4 exd4 34. Nb3 d3 35. Rc1 d2 36. Rd1 c2 37. Rxd2 c1=Q+ 38. Nxc1 Rxc1+ 39. Kg2 Rc5 40. Kf3 Kf7 41. g4 Nb4 42. a4 Nc6 43. Rd7+ Kg6 44. Kg3 Ne5 45. Ra7 Rc3+ 46. f3 Rxf3+ 47. Kg2 Rf4 48. Rxa5 Rxg4+ 49. Kf2 Rb4 50. Ra8 Kf5 51. a5 Rb2+ 52. Kg3 g5 53. Rh8 Ra2 54. Rxh7 Ra3+ 55. Kg2 Rxa5 56. Rb7 Ra4 57. Rb2 Nd3 58. Rb3 Ra2+ 59. Kg3 Nf4 60. Rb5+ Kg6 61. h4 Nh5+ 62. Kh3 Ra3+ 63. Kg2 Nf4+ 64. Kh2 g4 65. Rb4 g3+ 0-1

[Event "FIDE WYCC Open U14 2023"]
[Site "Montesilvano"]
[Date "2023.11.20"]
[Round "7.33"]
[White "Warchol, Kamil"]
[Black "Sharshenbekov, Emir"]
[Result "*"]
[ECO "C45"]
[WhiteElo "2095"]
[BlackElo "1893"]
[Annotator "NA RC"]
[PlyCount "64"]
[EventDate "2023.11.13"]
[EventType "swiss"]
[EventCountry "ITA"]
[SourceTitle "playchess.com"]
[Source "ChessBase"]
[SourceQuality "1"]
[TimeControl "40/5400+30:1800+30"]

1. e4 e5 2. Nf3 Nc6 3. d4 exd4 4. Nxd4 Nf6 5. Nxc6 bxc6 6. e5 Qe7 7. Qe2 Nd5 8. h4 d6 9. c4 Nb6 10. exd6 Qxe2+ 11. Bxe2 cxd6 12. b3 Be6 13. Bb2 d5 14. cxd5 Bxd5 15. O-O Be7 16. Nc3 Be6 17. Bf3 Rc8 18. Ne4 O-O 19. g3 Bd5 20. Rfd1 f5 21. Ng5 Bxg5 22. Bxd5+ Nxd5 23. hxg5 f4 24. g4 f3 25. Rac1 Nf4 26. Rd7 Rf7 27. Rxf7 Kxf7 28. Rd1 Nh3+ 29. Kf1 Nxg5 30. Rd7+ Ke6 31. Rxa7 Rd8 32. Ke1 Ne4 *

[Event "FIDE WYCC Open U14 2023"]
[Site "Montesilvano"]
[Date "2023.11.20"]
[Round "7.34"]
[White "Vommaro, Stanislao"]
[Black "Lira, Suan Bruno Fernandes"]
[Result "1/2-1/2"]
[ECO "B15"]
[WhiteElo "2083"]
[BlackElo "1858"]
[Annotator "NA RC"]
[PlyCount "116"]
[EventDate "2023.11.13"]
[EventType "swiss"]
[EventCountry "ITA"]
[SourceTitle "playchess.com"]
[Source "ChessBase"]
[SourceQuality "1"]
[TimeControl "40/5400+30:1800+30"]

1. e4 c6 2. d4 d5 3. Nc3 dxe4 4. Nxe4 Nf6 5. Nxf6+ exf6 6. c3 Bd6 7. Bd3 O-O 8. Ne2 Re8 9. O-O Nd7 10. Bf4 Nf8 11. Qd2 Ng6 12. Bxd6 Qxd6 13. f4 f5 14. Ng3 Ne7 15. Bc4 b5 16. Bb3 Nd5 17. Bxd5 Qxd5 18. Rfe1 Be6 19. Re5 Qd7 20. a3 f6 21. Re2 Bc4 22. Rxe8+ Rxe8 23. Re1 g6 24. Kf2 Kf7 25. Rxe8 Qxe8 26. Qe3 Qd7 27. Ke1 a5 28. Kf2 Qd5 29. Qf3 Qd6 30. h4 Bd5 31. Qe3 Be6 32. Ne2 Qd5 33. Nc1 Qe4 34. Nd3 Bd5 35. Qxe4 fxe4 36. Nc5 e3+ 37. Kxe3 Bxg2 38. b3 Bd5 39. Kd3 g5 40. hxg5 fxg5 41. fxg5 Kg6 42. c4 bxc4+ 43. bxc4 Bf7 44. Ne4 Be6 45. c5 Bh3 46. Ke3 Kf5 47. Nf6 Kxg5 48. Nxh7+ Kg6 49. d5 Kxh7 50. dxc6 Kg7 51. Kd4 Kf7 52. Kc4 Ke6 53. Kb5 Kd5 54. c7 Bc8 55. a4 Kd4 56. c6 Kd5 57. Kb6 Kd6 58. Kxa5 Kxc6 1/2-1/2

[Event "FIDE WYCC Open U14 2023"]
[Site "Montesilvano"]
[Date "2023.11.20"]
[Round "7.35"]
[White "Zhang, Kendrick Botong"]
[Black "Tenuunbold, Battulga"]
[Result "0-1"]
[ECO "B33"]
[WhiteElo "1876"]
[BlackElo "2290"]
[Annotator "RC"]
[PlyCount "64"]
[EventDate "2023.11.13"]
[EventType "swiss"]
[EventCountry "ITA"]
[SourceTitle "playchess.com"]
[Source "ChessBase"]
[SourceQuality "1"]
[TimeControl "40/5400+30:1800+30"]

1. e4 c5 2. Nf3 e6 3. d4 cxd4 4. Nxd4 Nf6 5. Nc3 Nc6 6. Ndb5 d6 7. Bf4 e5 8. Bg5 a6 9. Na3 Be6 10. Nc4 Rb8 11. Ne3 Be7 12. Bxf6 Bxf6 13. Ncd5 Bg5 14. c3 O-O 15. Bd3 Ne7 16. Bc2 Nxd5 17. Nxd5 g6 18. Bb3 Kh8 19. O-O f5 20. f3 Bh6 21. Qd3 Rf7 22. Nb4 Qb6+ 23. Kh1 Bxb3 24. axb3 Rbf8 25. exf5 Rxf5 26. Ra3 Qc5 27. Rd1 Bf4 28. g3 Bxg3 29. hxg3 Qf2 30. g4 Rxf3 31. Rd2 Qh4+ 32. Rh2 Rf1+ 0-1

[Event "FIDE WYCC Open U14 2023"]
[Site "Montesilvano"]
[Date "2023.11.21"]
[Round "8.1"]
[White "Vetokhin, Savva"]
[Black "Ljepic, Andrej"]
[Result "1-0"]
[ECO "E00"]
[WhiteElo "2403"]
[BlackElo "2236"]
[Annotator "RC"]
[PlyCount "95"]
[EventDate "2023.11.13"]
[EventType "swiss"]
[EventCountry "ITA"]
[SourceTitle "playchess.com"]
[Source "ChessBase"]
[SourceQuality "1"]
[TimeControl "40/5400+30:1800+30"]

1. d4 e6 2. c4 Bb4+ 3. Bd2 a5 4. Nf3 Nf6 5. a3 Bxd2+ 6. Qxd2 d6 7. Nc3 b6 8. g3 Bb7 9. Bg2 Nbd7 10. O-O Ne4 11. Nxe4 Bxe4 12. Qf4 Nf6 13. g4 h6 14. h4 d5 15. cxd5 Qxd5 16. Rac1 c6 17. Rc3 Rd8 18. Rfc1 O-O 19. g5 hxg5 20. hxg5 Nh5 21. Qg4 g6 22. Ne5 Bxg2 23. Nxc6 Rd7 24. Qxg2 Qxg2+ 25. Kxg2 Nf4+ 26. Kf3 Nh3 27. Ke3 Nxg5 28. Ne5 Rd5 29. Rc8 Nh7 30. Rxf8+ Nxf8 31. Rc7 Rb5 32. Nd3 Rd5 33. Ne5 Rb5 34. b4 axb4 35. axb4 Rxb4 36. Rxf7 Rb2 37. Re7 b5 38. Ng4 Nh7 39. Rxe6 Kf7 40. d5 Nf8 41. Ne5+ Kg7 42. Rb6 Rb1 43. Rb7+ Kh6 44. Rf7 Nh7 45. d6 Rd1 46. d7 Ng5 47. Rf8 Ne6 48. Re8 1-0

[Event "FIDE WYCC Open U14 2023"]
[Site "Montesilvano"]
[Date "2023.11.21"]
[Round "8.2"]
[White "Cieslak, Patryk"]
[Black "Tabuenca Mendataurigoitia, Daniel"]
[Result "1-0"]
[ECO "D31"]
[WhiteElo "2284"]
[BlackElo "2383"]
[Annotator "RC"]
[PlyCount "75"]
[EventDate "2023.11.13"]
[EventType "swiss"]
[EventCountry "ITA"]
[SourceTitle "playchess.com"]
[Source "ChessBase"]
[SourceQuality "1"]
[TimeControl "40/5400+30:1800+30"]

1. d4 d5 2. c4 e6 3. Nc3 a6 4. cxd5 exd5 5. Qb3 c5 6. Nxd5 Nc6 7. Bg5 Nge7 8. Nb6 Nxd4 9. Qa4+ Bd7 10. Qxd7+ Qxd7 11. Nxd7 Nc2+ 12. Kd1 Nxa1 13. Nb6 Rd8+ 14. Kc1 Rd6 15. Nc4 Re6 16. Bd2 b5 17. Ne3 Nc6 18. Kb1 Rd6 19. Nf3 Nd4 20. Nxd4 Rxd4 21. Bc1 g6 22. Kxa1 Bh6 23. Kb1 O-O 24. g3 Rfd8 25. Bg2 Bg7 26. Kc2 f5 27. Rd1 Kf7 28. Rxd4 Bxd4 29. Bb7 Rd6 30. Nd1 Rb6 31. Bd5+ Kf6 32. e3 Be5 33. f4 Bc7 34. e4 fxe4 35. Be3 Rd6 36. Nc3 Kf5 37. h3 h5 38. Bxe4+ 1-0

[Event "FIDE WYCC Open U14 2023"]
[Site "Montesilvano"]
[Date "2023.11.21"]
[Round "8.3"]
[White "Haug, Havard"]
[Black "Daakshin Arun"]
[Result "1/2-1/2"]
[ECO "B22"]
[WhiteElo "2223"]
[BlackElo "2342"]
[Annotator "RC"]
[PlyCount "127"]
[EventDate "2023.11.13"]
[EventType "swiss"]
[EventCountry "ITA"]
[SourceTitle "playchess.com"]
[Source "ChessBase"]
[SourceQuality "1"]
[TimeControl "40/5400+30:1800+30"]

1. e4 c5 2. c3 Nf6 3. e5 Nd5 4. Nf3 d6 5. Bb5+ Bd7 6. Bc4 e6 7. d4 cxd4 8. cxd4 dxe5 9. dxe5 Bc6 10. O-O Be7 11. Nd4 O-O 12. Nxc6 Nxc6 13. Qe2 Qc7 14. Bxd5 exd5 15. Nc3 Rad8 16. Bf4 d4 17. Nb5 Qd7 18. Nd6 Nxe5 19. Bxe5 Bxd6 20. Bxd4 Bxh2+ 21. Kxh2 Qxd4 22. Rad1 Rde8 23. Qd2 Qh4+ 24. Kg1 Re6 25. g3 Qh3 26. Rfe1 Rfe8 27. Rxe6 Qxe6 28. Qd7 h5 29. Qxe6 Rxe6 30. Rd7 Rb6 31. b3 g6 32. Kg2 Kg7 33. Kf3 Kf6 34. Rc7 Ke6 35. Ke3 Rb5 36. Kf3 a5 37. Ke3 Rb4 38. Rc5 a4 39. bxa4 Rxa4 40. Rb5 Ra3+ 41. Ke4 f5+ 42. Kd4 f4 43. gxf4 Rxa2 44. f5+ gxf5 45. Rb6+ Kf7 46. Rxb7+ Kg6 47. Ke3 h4 48. Kf3 Ra3+ 49. Kg2 h3+ 50. Kh2 Rf3 51. Rb8 Kg5 52. Rh8 Kg4 53. Kg1 Ra3 54. Rg8+ Kf4 55. Kh2 Ra2 56. Kxh3 Rxf2 57. Ra8 Re2 58. Rf8 Ra2 59. Rf7 Re2 60. Rf8 Rf2 61. Ra8 Rd2 62. Rf8 Rf2 63. Ra8 Ke3 64. Ra3+ 1/2-1/2

[Event "FIDE WYCC Open U14 2023"]
[Site "Montesilvano"]
[Date "2023.11.21"]
[Round "8.4"]
[White "Bharadia Yash"]
[Black "Dotzer, Lukas"]
[Result "1/2-1/2"]
[ECO "B48"]
[WhiteElo "2071"]
[BlackElo "2339"]
[Annotator "RC"]
[PlyCount "58"]
[EventDate "2023.11.13"]
[EventType "swiss"]
[EventCountry "ITA"]
[SourceTitle "playchess.com"]
[Source "ChessBase"]
[SourceQuality "1"]
[TimeControl "40/5400+30:1800+30"]

1. e4 c5 2. Nf3 e6 3. d4 cxd4 4. Nxd4 Nc6 5. Nc3 Qc7 6. Be3 a6 7. a3 b5 8. Nxc6 Qxc6 9. Be2 Bb7 10. O-O Rc8 11. f4 Bc5 12. Qd2 Nf6 13. Bf3 Bxe3+ 14. Qxe3 Qc5 15. Qxc5 Rxc5 16. e5 Bxf3 17. Rxf3 Nd5 18. Nxd5 Rxd5 19. Rd3 Rxd3 20. cxd3 d6 21. a4 b4 22. Rc1 Kd7 23. Rc4 a5 24. exd6 Kxd6 25. Kf2 Re8 26. Rd4+ Kc6 27. Rc4+ Kd6 28. Rd4+ Kc6 29. Rc4+ Kd6 1/2-1/2

[Event "FIDE WYCC Open U14 2023"]
[Site "Montesilvano"]
[Date "2023.11.21"]
[Round "8.5"]
[White "Prokhorov, Aleksey"]
[Black "Perossa, Nicolas"]
[Result "1-0"]
[ECO "C64"]
[WhiteElo "1869"]
[BlackElo "2330"]
[Annotator "RC"]
[PlyCount "97"]
[EventDate "2023.11.13"]
[EventType "swiss"]
[EventCountry "ITA"]
[SourceTitle "playchess.com"]
[Source "ChessBase"]
[SourceQuality "1"]
[TimeControl "40/5400+30:1800+30"]

1. e4 e5 2. Nf3 Nc6 3. Bb5 Bc5 4. O-O Nd4 5. Nxd4 Bxd4 6. c3 Bb6 7. d4 c6 8. Ba4 d6 9. Na3 Nf6 10. Nc4 Bc7 11. Bc2 Qe7 12. Bg5 b5 13. dxe5 dxe5 14. Ne3 h6 15. Nf5 Bxf5 16. Bxf6 Qxf6 17. exf5 O-O 18. Be4 Rad8 19. Qe2 Rd6 20. Rfd1 Rfd8 21. g3 Bb6 22. Bc2 e4 23. Rxd6 Rxd6 24. Bxe4 Qd8 25. Bf3 Qf6 26. Kg2 Rd8 27. Qc2 Re8 28. Rd1 Re5 29. Be4 Qe7 30. Bf3 Qc5 31. Be4 Qc4 32. Bf3 Qc5 33. Be4 Qc4 34. Bf3 Qxa2 35. Bxc6 Qc4 36. Bf3 Qc5 37. Rd2 Rxf5 38. b4 Qc8 39. Rd5 Rf6 40. Qd3 Rc6 41. Qxb5 Rxc3 42. Re5 Kh7 43. Re8 Bd8 44. Be4+ g6 45. Qd5 Qc4 46. Qxd8 Rc1 47. Rh8+ Kg7 48. Rg8+ Kh7 49. Bxg6+ 1-0

[Event "FIDE WYCC Open U14 2023"]
[Site "Montesilvano"]
[Date "2023.11.21"]
[Round "8.6"]
[White "Gkavardinas, Antonios"]
[Black "Arca, Christian Gian Karlo"]
[Result "0-1"]
[ECO "B19"]
[WhiteElo "2230"]
[BlackElo "2347"]
[Annotator "RC"]
[PlyCount "108"]
[EventDate "2023.11.13"]
[EventType "swiss"]
[EventCountry "ITA"]
[SourceTitle "playchess.com"]
[Source "ChessBase"]
[SourceQuality "1"]
[TimeControl "40/5400+30:1800+30"]

1. e4 c6 2. d4 d5 3. Nc3 dxe4 4. Nxe4 Bf5 5. Ng3 Bg6 6. h4 h6 7. Nf3 Nd7 8. h5 Bh7 9. Bd3 Bxd3 10. Qxd3 e6 11. Bd2 Be7 12. O-O-O Ngf6 13. Kb1 O-O 14. Qe2 Re8 15. Ne5 Qc7 16. c4 c5 17. Bc3 cxd4 18. Bxd4 Rad8 19. f4 Nxe5 20. fxe5 Nh7 21. Ne4 Ng5 22. Nc3 a6 23. Rd2 Rc8 24. b3 Bb4 25. Rd3 Red8 26. Ne4 Nxe4 27. Qxe4 b5 28. Rc1 Qd7 29. Qg4 bxc4 30. bxc4 Rb8 31. Ka1 Bc5 32. Rcd1 Qa4 33. Bc3 Rxd3 34. Rxd3 Qc2 35. Qd1 Qxg2 36. Rd8+ Rxd8 37. Qxd8+ Kh7 38. Qd3+ g6 39. hxg6+ Qxg6 40. Qf3 Qf5 41. Qb7 h5 42. Qc7 Ba3 43. Qa5 Qf1+ 44. Be1 h4 45. Qc3 Qe2 46. Qxa3 Qxe1+ 47. Kb2 Qe2+ 48. Kb1 Qf1+ 49. Kb2 h3 50. Qe7 Qf2+ 51. Kb3 h2 52. Qb7 Qf1 53. Qe4+ Kg7 54. Qg4+ Kf8 0-1

[Event "FIDE WYCC Open U14 2023"]
[Site "Montesilvano"]
[Date "2023.11.21"]
[Round "8.7"]
[White "Davudov, Tunar"]
[Black "Kozlovic, Jernej"]
[Result "0-1"]
[ECO "B12"]
[WhiteElo "2000"]
[BlackElo "2263"]
[Annotator "RC"]
[PlyCount "142"]
[EventDate "2023.11.13"]
[EventType "swiss"]
[EventCountry "ITA"]
[SourceTitle "playchess.com"]
[Source "ChessBase"]
[SourceQuality "1"]
[TimeControl "40/5400+30:1800+30"]

1. e4 c6 2. d4 d5 3. e5 Bf5 4. Nd2 e6 5. Nb3 Nd7 6. Nf3 h6 7. Be2 a6 8. O-O c5 9. Be3 Rc8 10. c3 c4 11. Nbd2 Bh7 12. a4 b5 13. axb5 axb5 14. Ra7 Ne7 15. Rb7 Rb8 16. Rxb8 Qxb8 17. Qa1 Qb7 18. b3 Nc6 19. Qb2 Qb8 20. Ne1 Be7 21. Bd1 O-O 22. Bc2 Qa7 23. Bxh7+ Kxh7 24. Nc2 Ra8 25. Ra1 Qb8 26. f4 Rxa1+ 27. Qxa1 Qb7 28. b4 f5 29. exf6 gxf6 30. Bf2 f5 31. Qe1 Nf8 32. Nf3 Bf6 33. Ne5 Ne7 34. Bh4 Ng8 35. Ne3 Qa7 36. Bf2 Bg7 37. g4 fxg4 38. Qb1+ Kh8 39. N5xg4 Nf6 40. Nxf6 Bxf6 41. f5 Bg5 42. Ng4 Qh7 43. Ne5 Bf4 44. Ng6+ Nxg6 45. fxg6 Qe7 46. h4 Qf6 47. Kg2 h5 48. Qa1 Qxg6+ 49. Kf1 Qd3+ 50. Kg2 Qe4+ 51. Kg1 Qg6+ 52. Kf1 Qd3+ 53. Kg2 Qe4+ 54. Kg1 Kg7 55. Qa7+ Kf6 56. Qa8 Qg6+ 57. Kf1 Kf5 58. Qa2 Qg4 59. Qc2+ Kf6 60. Qh7 Qg6 61. Qh8+ Kf5 62. Qa8 Kg4 63. Qa1 Qd3+ 64. Kg1 Qe2 65. Qb1 Kf3 66. Kh1 Be3 67. Qg1 Bxf2 68. Qg2+ Ke3 69. Qg5+ Kd3 70. Qg6+ Kxc3 71. Kh2 Bxd4+ 0-1

[Event "FIDE WYCC Open U14 2023"]
[Site "Montesilvano"]
[Date "2023.11.21"]
[Round "8.8"]
[White "Akhmedov, David"]
[Black "Fan, Jingyi"]
[Result "1-0"]
[ECO "B44"]
[WhiteElo "2240"]
[BlackElo "2035"]
[Annotator "RC"]
[PlyCount "77"]
[EventDate "2023.11.13"]
[EventType "swiss"]
[EventCountry "ITA"]
[SourceTitle "playchess.com"]
[Source "ChessBase"]
[SourceQuality "1"]
[TimeControl "40/5400+30:1800+30"]

1. e4 c5 2. Nf3 e6 3. d4 cxd4 4. Nxd4 Nc6 5. Nxc6 bxc6 6. Bd3 Nf6 7. Nd2 d5 8. O-O Qc7 9. c4 Bd6 10. h3 O-O 11. b3 dxe4 12. Nxe4 Nxe4 13. Bxe4 f5 14. Bc2 e5 15. Qe2 c5 16. f3 Bb7 17. Be3 Rae8 18. Rad1 e4 19. fxe4 fxe4 20. Qh5 Bh2+ 21. Kh1 Be5 22. Rxf8+ Rxf8 23. Qg4 Qc6 24. Qe2 Qg6 25. Qg4 Qc6 26. Qe2 h6 27. Bg1 Rf3 28. Rd8+ Kf7 29. Rd5 Qf6 30. Bxe4 Rf1 31. Rxe5 Bxe4 32. Rxe4 Qa1 33. Re7+ Kg6 34. Qg4+ Kf6 35. Re6+ Kf7 36. Qg6+ Kg8 37. Re8+ Rf8 38. Qe6+ Kh7 39. Rxf8 1-0

[Event "FIDE WYCC Open U14 2023"]
[Site "Montesilvano"]
[Date "2023.11.21"]
[Round "8.9"]
[White "Daaevik Wadhawan"]
[Black "Brattgjerd, Isak Vinh"]
[Result "1/2-1/2"]
[ECO "B12"]
[WhiteElo "1810"]
[BlackElo "2235"]
[Annotator "RC"]
[PlyCount "179"]
[EventDate "2023.11.13"]
[EventType "swiss"]
[EventCountry "ITA"]
[SourceTitle "playchess.com"]
[Source "ChessBase"]
[SourceQuality "1"]
[TimeControl "40/5400+30:1800+30"]

1. e4 c6 2. d4 d5 3. e5 c5 4. c3 Nc6 5. Be2 Bf5 6. Nf3 e6 7. O-O cxd4 8. Nxd4 Nge7 9. Bb5 a6 10. Bxc6+ bxc6 11. b4 Qd7 12. Nd2 Bd3 13. Re1 Nf5 14. Nxf5 Bxf5 15. Nb3 Be7 16. Be3 O-O 17. a4 Qc7 18. Bc5 Bxc5 19. Nxc5 a5 20. Qd4 Rfb8 21. Ra2 axb4 22. cxb4 Qb6 23. a5 Qxb4 24. Qxb4 Rxb4 25. a6 Ra7 26. f3 Rb5 27. Rc1 Kf8 28. Nb7 Rb6 29. Nd8 Raxa6 30. Rxa6 Rxa6 31. Nxc6 f6 32. Nb8 Ra4 33. Rc8+ Kf7 34. Rc7+ Kg6 35. g4 Bxg4 36. exf6 gxf6 37. fxg4 Rxg4+ 38. Kf2 e5 39. Nc6 d4 40. Ne7+ Kg5 41. Nd5 Rh4 42. Kg3 Rh6 43. Rf7 Kf5 44. Rf8 Rg6+ 45. Kf2 Rh6 46. Kg3 Ke6 47. Nb4 Rg6+ 48. Kf2 Rg7 49. Rb8 Kf5 50. Rb6 Rd7 51. Ke2 h5 52. h3 Rd8 53. Nd3 Ra8 54. Rb5 Ra2+ 55. Kf3 Ra3 56. Ke2 Ke4 57. Nc5+ Kf4 58. Ne6+ Kg3 59. Nxd4 exd4 60. Rxh5 Re3+ 61. Kd2 Rf3 62. Ke2 d3+ 63. Kd2 f5 64. Rh8 Kg2 65. h4 f4 66. h5 Rh3 67. h6 f3 68. h7 Kf2 69. Kxd3 Kf1 70. Kd4 f2 71. Kc5 Rh5+ 72. Kb4 Rh4+ 73. Kc5 Rh3 74. Kb4 Rh5 75. Ka4 Rh4+ 76. Ka5 Rh6 77. Kb4 Rb6+ 78. Kc3 Rb7 79. Kd2 Rd7+ 80. Kc2 Rf7 81. Kc3 Rc7+ 82. Kd2 Re7 83. Kd1 Rd7+ 84. Kc2 Rc7+ 85. Kd2 Rg7 86. Kc2 Rd7 87. Kc3 Rb7 88. Kc2 Rc7+ 89. Kd2 Rg7 90. Kc2 1/2-1/2

[Event "FIDE WYCC Open U14 2023"]
[Site "Montesilvano"]
[Date "2023.11.21"]
[Round "8.10"]
[White "Mamedov, Edgar"]
[Black "Radzimski, Antoni"]
[Result "1-0"]
[ECO "E16"]
[WhiteElo "2234"]
[BlackElo "1904"]
[Annotator "RC"]
[PlyCount "69"]
[EventDate "2023.11.13"]
[EventType "swiss"]
[EventCountry "ITA"]
[SourceTitle "playchess.com"]
[Source "ChessBase"]
[SourceQuality "1"]
[TimeControl "40/5400+30:1800+30"]

1. d4 Nf6 2. c4 e6 3. Nf3 Bb4+ 4. Bd2 Qe7 5. e3 b6 6. Bd3 Bb7 7. O-O Bxd2 8. Nbxd2 d6 9. e4 O-O 10. Qc2 e5 11. d5 a5 12. b3 Nbd7 13. a3 g6 14. b4 Nh5 15. Rfe1 Ng7 16. Nb3 f5 17. Nfd2 f4 18. c5 a4 19. c6 axb3 20. Qxb3 Bc8 21. cxd7 Bxd7 22. a4 g5 23. a5 bxa5 24. bxa5 Ra7 25. a6 g4 26. Bf1 Qd8 27. Reb1 h5 28. Qc3 Qa8 29. Nc4 h4 30. Na5 g3 31. hxg3 fxg3 32. fxg3 h3 33. Nc6 hxg2 34. Kxg2 Bxc6 35. dxc6 1-0

[Event "FIDE WYCC Open U14 2023"]
[Site "Montesilvano"]
[Date "2023.11.21"]
[Round "8.11"]
[White "Asikainen, Eeli"]
[Black "Uskov, Artem"]
[Result "0-1"]
[ECO "B47"]
[WhiteElo "2081"]
[BlackElo "2380"]
[Annotator "RC"]
[PlyCount "160"]
[EventDate "2023.11.13"]
[EventType "swiss"]
[EventCountry "ITA"]
[SourceTitle "playchess.com"]
[Source "ChessBase"]
[SourceQuality "1"]
[TimeControl "40/5400+30:1800+30"]

1. e4 c5 2. Nf3 e6 3. d4 cxd4 4. Nxd4 Nc6 5. Nc3 Qc7 6. g4 h6 7. Be3 Nf6 8. a3 a6 9. h4 b5 10. Nxc6 Qxc6 11. Bg2 b4 12. axb4 Bxb4 13. Qd4 Bxc3+ 14. bxc3 d6 15. Rd1 e5 16. Qxd6 Qxd6 17. Rxd6 Nxg4 18. Bb6 O-O 19. O-O Nf6 20. Rfd1 Be6 21. f3 a5 22. Ra1 a4 23. Bc5 Rfc8 24. Bb4 a3 25. Rxa3 Rxa3 26. Bxa3 Rxc3 27. Bb2 Rc5 28. Rd2 Nd7 29. Bf1 Kh7 30. Kf2 Nb6 31. Bd3 Bc4 32. Bxc4 Nxc4 33. Rd5 Rxd5 34. exd5 Kg6 35. Bc3 Kf5 36. Ke2 f6 37. Bb4 Nb6 38. Bf8 g5 39. h5 Nxd5 40. Bxh6 Nf4+ 41. Ke3 Nxh5 42. c4 Kg6 43. Bf8 Kf7 44. Ba3 Ke6 45. Bc1 Ng3 46. Bb2 Nf5+ 47. Kd3 Nd6 48. Bc1 Nb7 49. Be3 Na5 50. Kc3 Nc6 51. Kd3 Kf5 52. Bc1 Nd4 53. Ke3 Ke6 54. Bb2 Nc6 55. Bc1 Nb4 56. Bd2 Na6 57. Bc1 Nc5 58. Ba3 Kd6 59. Bb4 f5 60. Ba3 Kc6 61. Bb2 Nd7 62. Ba3 Nf6 63. Be7 Nh7 64. Ba3 Kd7 65. Kf2 Ke6 66. Bc1 f4 67. Ba3 Nf6 68. Bf8 Nd7 69. Bb4 Nb6 70. c5 Nd5 71. Ba5 Ne7 72. Ke2 Nc6 73. Bc7 Kd5 74. Bd6 Ke6 75. Bf8 Kf5 76. Kf2 g4 77. fxg4+ Kxg4 78. Bd6 Kf5 79. Bc7 e4 80. Bd6 e3+ 0-1

[Event "FIDE WYCC Open U14 2023"]
[Site "Montesilvano"]
[Date "2023.11.21"]
[Round "8.12"]
[White "Agasarov, Benik"]
[Black "Sommer, Justus"]
[Result "1-0"]
[ECO "C77"]
[WhiteElo "2360"]
[BlackElo "2013"]
[Annotator "RC"]
[PlyCount "75"]
[EventDate "2023.11.13"]
[EventType "swiss"]
[EventCountry "ITA"]
[SourceTitle "playchess.com"]
[Source "ChessBase"]
[SourceQuality "1"]
[TimeControl "40/5400+30:1800+30"]

1. e4 e5 2. Nf3 Nc6 3. Bb5 a6 4. Ba4 Nf6 5. d3 d6 6. c3 g6 7. O-O Bg7 8. h3 O-O 9. Re1 b5 10. Bc2 Re8 11. Be3 Bb7 12. Nbd2 Qd7 13. a4 Nd8 14. b4 Ne6 15. Nb3 Rac8 16. axb5 axb5 17. Qb1 Nh5 18. Ra7 Ba8 19. d4 exd4 20. cxd4 d5 21. e5 f5 22. exf6 Nxf6 23. Ne5 Qd6 24. Nc5 Qf8 25. Qa2 Nxc5 26. bxc5 Nh5 27. Rxa8 Rxa8 28. Qxd5+ Kh8 29. Nf7+ Kg8 30. Nd8+ Kh8 31. Qxa8 Rxd8 32. Qc6 Qe8 33. Qxc7 Rxd4 34. c6 Nf6 35. Bxd4 Qxe1+ 36. Kh2 Qe8 37. Qd6 Nh5 38. c7 1-0

[Event "FIDE WYCC Open U14 2023"]
[Site "Montesilvano"]
[Date "2023.11.21"]
[Round "8.13"]
[White "Goh, Zi Han"]
[Black "Georgiadis, Anastasios"]
[Result "1-0"]
[ECO "A46"]
[WhiteElo "2333"]
[BlackElo "2001"]
[Annotator "RC"]
[PlyCount "101"]
[EventDate "2023.11.13"]
[EventType "swiss"]
[EventCountry "ITA"]
[SourceTitle "playchess.com"]
[Source "ChessBase"]
[SourceQuality "1"]
[TimeControl "40/5400+30:1800+30"]

1. d4 Nf6 2. Nf3 e6 3. g3 d5 4. Bg2 Be7 5. O-O O-O 6. b3 c5 7. dxc5 Bxc5 8. c4 Nc6 9. cxd5 exd5 10. Bb2 Re8 11. Nc3 Bg4 12. Rc1 a6 13. Qd3 d4 14. Na4 Ba7 15. Ba3 Nd7 16. Qd2 Qf6 17. Nc5 Nxc5 18. Bxc5 Bxc5 19. Rxc5 Rad8 20. Qb2 Qe7 21. Rc2 d3 22. Rd2 dxe2 23. Re1 Rxd2 24. Qxd2 h6 25. h3 Bh5 26. Kh1 Bxf3 27. Bxf3 Qf6 28. Kg2 Nd4 29. Bxb7 Qb6 30. Bd5 Re5 31. Ba8 Re8 32. Bd5 Re5 33. Ba8 Qd8 34. Bf3 Rf5 35. Rxe2 Rxf3 36. Re4 Qf6 37. Qxd4 Qxd4 38. Rxd4 Rf6 39. Rd7 Rc6 40. Ra7 g6 41. Kf3 Re6 42. Rc7 Kg7 43. Rc4 g5 44. b4 Rf6+ 45. Ke3 Re6+ 46. Re4 Rc6 47. Kd3 Kf6 48. a4 Rc1 49. b5 axb5 50. axb5 Rb1 51. Kc4 1-0

[Event "FIDE WYCC Open U14 2023"]
[Site "Montesilvano"]
[Date "2023.11.21"]
[Round "8.14"]
[White "Morkunas, Gustas"]
[Black "Lissillour, Baptiste"]
[Result "0-1"]
[ECO "C77"]
[WhiteElo "2052"]
[BlackElo "2298"]
[Annotator "RC"]
[PlyCount "110"]
[EventDate "2023.11.13"]
[EventType "swiss"]
[EventCountry "ITA"]
[SourceTitle "playchess.com"]
[Source "ChessBase"]
[SourceQuality "1"]
[TimeControl "40/5400+30:1800+30"]

1. e4 e5 2. Nf3 Nc6 3. Bb5 a6 4. Ba4 Nf6 5. d3 d6 6. c3 g6 7. O-O Bg7 8. Nbd2 O-O 9. Re1 b5 10. Bc2 Nb8 11. Nf1 Bb7 12. d4 Nbd7 13. Ng3 Re8 14. h3 a5 15. dxe5 Nxe5 16. Nxe5 Rxe5 17. Bf4 Re8 18. Qd2 Bc6 19. Bh6 Bh8 20. Rad1 Qb8 21. Re2 Qb7 22. Rde1 Nd7 23. Be3 Ne5 24. b3 b4 25. Bd4 Bb5 26. c4 Bc6 27. f4 Nd7 28. Bxh8 Kxh8 29. Kh2 Qb6 30. e5 dxe5 31. fxe5 Re6 32. Qf4 Kg8 33. Qg5 Qc5 34. Nf5 Rae8 35. Nh6+ Kg7 36. Nf5+ Kh8 37. Nh6 f6 38. Qh4 Nxe5 39. Rxe5 fxe5 40. Nf7+ Kg8 41. Ng5 R6e7 42. Be4 Qd6 43. Rf1 Rf8 44. Rxf8+ Kxf8 45. Qf2+ Kg7 46. c5 Qf6 47. Qxf6+ Kxf6 48. Nxh7+ Rxh7 49. Bxc6 Kf5 50. Kg3 e4 51. Kf2 Kf4 52. g3+ Ke5 53. h4 Rf7+ 54. Ke2 Rf3 55. g4 Rh3 0-1

[Event "FIDE WYCC Open U14 2023"]
[Site "Montesilvano"]
[Date "2023.11.21"]
[Round "8.15"]
[White "Bolat, Inayat"]
[Black "Matyassy, Lazar"]
[Result "1/2-1/2"]
[ECO "B67"]
[WhiteElo "2088"]
[BlackElo "2281"]
[Annotator "RC"]
[PlyCount "102"]
[EventDate "2023.11.13"]
[EventType "swiss"]
[EventCountry "ITA"]
[SourceTitle "playchess.com"]
[Source "ChessBase"]
[SourceQuality "1"]
[TimeControl "40/5400+30:1800+30"]

1. e4 c5 2. Nf3 d6 3. d4 cxd4 4. Nxd4 Nf6 5. Nc3 Nc6 6. Bg5 Bd7 7. Qd2 a6 8. O-O-O e6 9. Kb1 Be7 10. f3 Nxd4 11. Qxd4 Qc7 12. g4 h5 13. gxh5 Nxh5 14. h4 Bf6 15. Bxf6 Nxf6 16. Rg1 Nh5 17. Qxd6 Qxd6 18. Rxd6 Ke7 19. Rb6 Bc6 20. Bd3 Nf4 21. Rg4 Ng6 22. Ne2 Ne5 23. Rg3 Rxh4 24. a3 Nxd3 25. cxd3 Rd8 26. d4 g6 27. Rg1 Rh3 28. Re1 Kf8 29. d5 exd5 30. Nd4 dxe4 31. Nxc6 bxc6 32. fxe4 Rh2 33. Rxc6 Rdd2 34. Rb6 g5 35. e5 Rhe2 36. Rf1 Rxe5 37. Rbf6 Re7 38. Rxa6 Ree2 39. Rb6 g4 40. Rb8+ Kg7 41. Rf4 Rg2 42. Rb7 Kg6 43. Rb6+ Kg7 44. a4 Rdf2 45. Rxf2 Rxf2 46. a5 Rf5 47. Rb4 Rxa5 48. Rxg4+ Kf6 49. b4 Rd5 50. Kc2 Ke5 51. Kc3 Kd6 1/2-1/2